Map: [ESL] Alcyone

Players

Nina

  • Race: Protoss Protoss
  • Spawn Location: 1:00

Astrea - Winner!

  • Race: Protoss Protoss
  • Spawn Location: 7:00

Event: ESL SC2 Masters 2024 Spring (Regional)

VOD

Have the link to the VOD?

Description

Time

  • Played on: April 14, 2024, 1:34 p.m.
  • Length: 18:29

All games in this series

Show
View Real Time Build Order
Export as new Build Order

Nina Protoss 

Build Orders: Blink Stalkers 

Get SALT Encoding   

  12  0:00  Probe  
  13  0:12  Probe  
  14  0:18  Pylon  
  14  0:24  Probe  
  15  0:36  Probe (Chrono Boost)  
  15  0:38  Gateway  
  16  0:46  Assimilator, Probe (Chrono Boost)  
  17  0:51  Probe (Chrono Boost)  
  18  0:57  Assimilator  
  18  1:03  Probe (Chrono Boost)  
  19  1:13  Gateway  
  19  1:14  Probe (Chrono Boost)  
  20  1:19  Probe (Chrono Boost)  
  20  1:25  Cybernetics Core  
  21  1:29  Probe  
  22  1:34  Pylon  
  22  1:41  Probe  
  23  1:53  Probe  
  24  2:02  Stalker  
  24  2:03  Warp Gate, Stalker  
  24  2:07  Probe  
  29  2:16  Pylon  
  29  2:19  Pylon  
  29  2:20  Probe  
  29  2:32  Stalker  
  29  2:34  Stalker  
  29  2:36  Probe  
  34  3:00  Nexus  
  34  3:03  Probe  
  35  3:11  Twilight Council  
  35  3:19  Probe  
  36  3:26  Pylon  
  36  3:31  Probe  
  37  3:42  Gateway  
  37  3:46  Blink (Chrono Boost)  
  38  3:53  Stalker  
  38  3:54  Stalker  
  41  4:03  Gateway  
  41  4:05  Probe (Chrono Boost)  
  43  4:18  Probe (Chrono Boost)  
  43  4:21  Probe (Chrono Boost)  
  43  4:24  Stalker  
  46  4:27  Stalker  
  43  4:41  Stalker  
  43  4:44  Probe (Chrono Boost)  
  45  4:46  Probe (Chrono Boost)  
  43  4:54  Stalker  
  43  4:56  Probe (Chrono Boost)  
  43  4:59  Stalker  
  49  5:03  Probe (Chrono Boost)  
  49  5:04  Probe (Chrono Boost)  
  50  5:07  Stalker  
  50  5:11  Probe  
  50  5:12  Probe  
  54  5:16  Stalker  
  54  5:21  Stalker  
  58  5:23  Probe  
  58  5:28  Pylon  
  59  5:30  Probe  
  59  5:34  Stalker  
  56  5:51  Probe x2  
  58  5:59  Dark Shrine  
  58  6:00  Stalker x2  
  58  6:03  Probe  
  63  6:04  Stalker  
  63  6:07  Probe  
  63  6:09  Shield Battery  
  66  6:16  Stalker  
  66  6:18  Probe  
  69  6:25  Nexus  
  69  6:27  Probe  
  69  6:31  Assimilator  
  70  6:38  Pylon x2  
  70  6:56  Probe (Chrono Boost)  
  70  6:57  Stalker x2, Probe (Chrono Boost)  
  70  7:01  Pylon  
  76  7:06  Forge, Gateway  
  77  7:08  Probe (Chrono Boost)  
  77  7:11  Dark Templar x2  
  77  7:14  Probe (Chrono Boost)  
  82  7:18  Probe (Chrono Boost)  
  82  7:19  Gateway  
  82  7:22  Probe (Chrono Boost)  
  84  7:26  Stalker  
  84  7:27  Stalker  
  84  7:28  Probe (Chrono Boost)  
  90  7:30  Probe (Chrono Boost)  
  86  7:38  Protoss Ground Weapons Level 1 (Chrono Boost)  
  86  7:39  Gateway  
  86  7:40  Gateway  
  86  7:44  Probe (Chrono Boost)  
  88  7:46  Probe (Chrono Boost)  
  88  7:47  Probe (Chrono Boost)  
  89  7:51  Stalker x2  
  89  7:55  Probe (Chrono Boost)  
  89  7:57  Stalker, Probe (Chrono Boost)  
  98  8:02  Stalker, Probe (Chrono Boost)  
  100  8:09  Stalker  
  100  8:10  Pylon, Probe (Chrono Boost)  
  100  8:11  Pylon  
  103  8:14  Stalker  
  103  8:16  Probe  
  103  8:17  Probe  
  103  8:19  Probe  
  108  8:21  Assimilator  
  108  8:27  Pylon  
  108  8:29  Stalker x2  
  108  8:32  Probe  
  113  8:36  Stalker  
  113  8:37  Stalker  
  117  8:46  Nexus  
  118  8:49  Pylon  
  118  8:50  Stalker  
  118  8:51  Stalker  
  118  8:53  Stalker  
  123  9:00  Probe x2  
  123  9:02  Assimilator, Photon Cannon  
  125  9:05  Robotics Facility  
  125  9:07  Probe  
  126  9:12  Pylon  
  126  9:13  Stalker x2  
  126  9:15  Probe  
  126  9:17  Probe  
  132  9:20  Stalker  
  132  9:21  Stalker  
  135  9:26  Probe  
  134  9:33  Probe  
  134  9:36  Probe  
  134  9:38  Photon Cannon, Probe  
  135  9:39  Stalker x3  
  135  9:41  Charge (Chrono Boost)  
  142  9:49  Pylon  
  142  9:50  Stalker  
  142  9:51  Observer (Chrono Boost)  
  144  9:54  Photon Cannon  
  144  9:58  Stalker  
  147  10:04  Stalker  
  150  10:07  Probe x2  
  150  10:09  Pylon, Stalker  
  150  10:10  Stalker  
  155  10:17  Stalker  
  157  10:22  Nexus  
  157  10:24  Pylon  
  157  10:28  Observer, Stalker x2  
  162  10:39  Protoss Ground Weapons Level 2 (Chrono Boost), Probe  
  163  10:45  Gateway x2  
  163  10:49  Photon Cannon  
  163  11:00  Stalker  
  163  11:01  Zealot x4, Stalker  
  163  11:02  Zealot  
  177  11:07  Photon Cannon  
  177  11:08  Robotics Bay  
  177  11:25  Zealot x5  
  183  11:31  Pylon  
  185  11:33  Pylon  
  185  11:36  Photon Cannon x2  
  185  11:39  Pylon, Assimilator, Probe  
  186  11:40  Assimilator  
  186  11:45  Stalker x3, Shield Battery  
  186  11:47  Photon Cannon  
  192  11:50  Pylon  
  192  11:52  Probe x2  
  194  12:01  Probe  
  194  12:02  Disruptor (Chrono Boost)  
  194  12:04  Robotics Facility  
  194  12:06  Photon Cannon  
  199  12:08  Photon Cannon  
  199  12:10  Photon Cannon  
  181  12:17  Zealot x5  
  173  12:26  Zealot x4  
  172  12:37  Zealot  
  172  12:38  Zealot x4  
  172  12:41  Disruptor  
  162  12:52  Zealot x4  
  162  12:55  Disruptor  
  168  13:06  Zealot x3  
  168  13:07  Zealot x2  
  168  13:12  Probe x2 (Chrono Boost)  
  181  13:17  Probe (Chrono Boost)  
  181  13:18  Probe (Chrono Boost)  
  181  13:19  Dark Templar x4  
  190  13:20  Shadow Stride  
  190  13:34  Disruptor  
  176  13:38  Zealot  
  176  13:39  Zealot x4  
  176  13:41  Probe x3  
  179  13:52  Stalker x4  
  149  13:58  Probe  
  149  13:59  Zealot  
  136  14:08  Probe x2  
  136  14:09  Photon Cannon  
  132  14:10  Probe  
  132  14:12  Protoss Ground Weapons Level 3 (Chrono Boost), Disruptor x2  
  132  14:16  Photon Cannon  
  141  14:17  Templar Archives  
  141  14:22  Archon  
  141  14:23  Dark Templar x2  
  141  14:24  Probe, Dark Templar  
  147  14:25  Probe  
  147  14:29  Archon  
  147  14:30  Archon  
  149  14:37  Gateway  
  149  14:38  Observer  
  149  14:39  Shield Battery  
  149  14:44  Zealot x5, Observer  
  159  14:46  Photon Cannon  
  159  14:47  Disruptor  
  159  14:48  Dark Templar  
  166  14:57  Dark Templar x2  
  170  15:05  Disruptor  
  150  15:15  Zealot x6  
  150  15:20  Probe  
  150  15:21  Probe  
  162  15:23  Disruptor  
  162  15:26  Dark Templar  
  168  15:35  Zealot x3  
  156  15:36  Zealot x4  
  156  15:37  Zealot  
  156  15:38  Observer  
  146  15:59  High Templar x3  
  146  16:00  High Templar  
  146  16:03  Stalker x4  
  162  16:05  Archon  
  162  16:06  Archon  
  162  16:10  Archon  
  162  16:11  Nexus  
  162  16:17  Pylon  
  162  16:18  Observer  
  162  16:19  Pylon  
  162  16:21  Observer  
  163  16:30  Assimilator  
  163  16:31  Assimilator  
  163  16:33  Photon Cannon  
  163  16:34  Zealot x4  
  163  16:36  Dark Templar x2  
  171  16:43  Zealot  
  171  16:44  Zealot x2  
  173  17:01  Zealot x5  
  173  17:08  Stalker x3  
  181  17:36  Zealot x2  
  157  17:47  Robotics Bay  
  152  18:03  Zealot x3  
  152  18:04  Zealot x4  
  155  18:18  Nexus  
Show
View Real Time Build Order
Export as new Build Order

Astrea Protoss - Winner!

Build Orders: Phoenix Opening, Blink Stalkers 

Get SALT Encoding   

  12  0:00  Probe  
  13  0:12  Probe  
  14  0:17  Pylon  
  14  0:24  Probe (Chrono Boost)  
  16  0:36  Probe (Chrono Boost), Gateway  
  16  0:43  Probe (Chrono Boost)  
  16  0:45  Assimilator  
  17  0:51  Probe  
  17  0:53  Assimilator  
  18  1:03  Probe (Chrono Boost)  
  19  1:06  Gateway  
  20  1:12  Probe (Chrono Boost)  
  20  1:17  Probe (Chrono Boost)  
  20  1:23  Cybernetics Core  
  21  1:29  Probe  
  21  1:31  Pylon  
  22  1:41  Probe  
  23  1:53  Probe  
  24  2:00  Warp Gate, Sentry  
  26  2:03  Stalker  
  26  2:07  Probe  
  29  2:13  Pylon  
  30  2:32  Sentry, Phoenix  
  30  2:33  Stalker  
  34  2:42  Nexus  
  33  2:45  Probe  
  34  2:54  Shield Battery  
  34  2:57  Probe  
  35  2:59  Sentry  
  37  3:07  Pylon  
  37  3:09  Probe  
  38  3:21  Probe  
  38  3:22  Twilight Council  
  39  3:33  Probe  
  40  3:43  Phoenix  
  40  3:46  Probe (Chrono Boost)  
  40  3:48  Blink (Chrono Boost)  
  41  3:49  Adept x2  
  41  3:54  Probe (Chrono Boost)  
  46  3:58  Probe (Chrono Boost)  
  48  4:03  Probe (Chrono Boost)  
  48  4:05  Probe (Chrono Boost)  
  48  4:07  Pylon  
  48  4:08  Probe  
  49  4:12  Probe  
  51  4:20  Probe  
  52  4:24  Probe  
  52  4:27  Stalker x2  
  57  4:33  Probe  
  58  4:40  Probe  
  58  4:41  Stalker  
  58  4:42  Robotics Facility, Shield Battery  
  57  4:50  Stalker x2  
  59  4:54  Probe x2  
  59  4:56  Assimilator  
  59  4:59  Assimilator  
  61  5:01  Pylon  
  61  5:06  Probe  
  62  5:07  Probe  
  63  5:16  Stalker x2  
  63  5:18  Probe  
  63  5:19  Gateway  
  63  5:20  Forge  
  63  5:21  Observer  
  69  5:42  Stalker x2  
  71  5:50  Protoss Ground Weapons Level 1 (Chrono Boost)  
  71  5:51  Observer  
  71  5:52  Immortal (Chrono Boost)  
  75  6:02  Probe  
  75  6:04  Pylon  
  77  6:06  Pylon  
  77  6:07  Stalker  
  78  6:13  Observer  
  78  6:14  Nexus  
  78  6:22  Probe  
  78  6:23  Probe  
  80  6:28  Adept x2  
  80  6:29  Observer  
  80  6:30  Charge  
  84  6:39  Probe x2  
  87  6:41  Observer  
  87  6:47  Observer  
  87  6:51  Probe x2  
  90  6:57  Pylon  
  90  6:58  Pylon, Stalker x2  
  94  7:15  Shield Battery, Probe x2  
  96  7:22  Pylon  
  96  7:23  Gateway  
  96  7:25  Stalker x3  
  96  7:26  Probe, Gateway  
  96  7:27  Probe x2  
  105  7:38  Probe  
  105  7:39  Protoss Ground Weapons Level 2 (Chrono Boost), Probe x2  
  105  7:40  Observer  
  108  7:46  Gateway  
  108  7:48  Gateway  
  108  7:51  Gateway  
  108  7:55  Observer  
  108  7:57  Forge, Nexus  
  108  8:00  Pylon, Stalker x2  
  108  8:01  Stalker x2  
  108  8:02  Pylon, Observer  
  108  8:13  Photon Cannon  
  108  8:20  Stalker x4  
  108  8:21  Observer  
  108  8:22  Stalker  
  108  8:24  Protoss Ground Armor Level 1 (Chrono Boost)  
  108  8:25  Probe x3  
  122  8:28  Shield Battery  
  122  8:38  Probe  
  123  8:48  Probe x2  
  125  8:50  Probe  
  126  9:01  Probe x2  
  128  9:03  Probe  
  128  9:05  Photon Cannon  
  129  9:13  Stalker  
  129  9:14  Stalker x6, Nexus  
  143  9:19  Probe  
  143  9:23  Probe  
  143  9:24  Probe x2  
  147  9:29  Protoss Ground Weapons Level 3 (Chrono Boost)  
  147  9:31  Pylon, Probe  
  147  9:32  Stalker  
  147  9:35  Probe  
  147  9:36  Probe x2  
  149  9:44  Probe  
  150  9:47  Photon Cannon x3  
  150  9:49  Photon Cannon  
  150  9:50  Pylon, Probe x2  
  152  9:53  Protoss Ground Armor Level 2 (Chrono Boost), Photon Cannon  
  152  9:54  Shield Battery  
  152  9:55  Pylon  
  152  9:57  Probe x2  
  154  10:02  Observer, Probe  
  155  10:10  Pylon, Probe x2  
  155  10:12  Photon Cannon  
  157  10:15  Photon Cannon  
  157  10:16  Observer  
  157  10:17  Observer  
  157  10:26  Stalker  
  157  10:27  Stalker x3  
  165  10:28  Nexus  
  165  10:33  Observer, Stalker x3  
  171  10:36  Observer  
  171  10:47  Dark Shrine, Gateway  
  171  10:50  Gateway x2  
  171  10:55  Gateway  
  171  10:56  Observer (Chrono Boost)  
  171  11:01  Observer, Stalker x5  
  171  11:02  Stalker x3  
  187  11:09  Observer (Chrono Boost), Photon Cannon  
  187  11:10  Nexus  
  187  11:12  Pylon  
  188  11:26  Stalker x4  
  188  11:27  Stalker x2  
  200  11:33  Observer  
  200  11:37  Protoss Shields Level 1 (Chrono Boost), Gateway  
  200  11:43  Protoss Ground Armor Level 3 (Chrono Boost), Gateway  
  200  11:46  Gateway  
  200  11:48  Gateway  
  200  12:02  Photon Cannon  
  200  12:07  Shield Battery  
  192  12:22  Zealot x4  
  200  12:24  Warp Prism  
  196  12:30  Shadow Stride  
  180  12:41  Zealot  
  180  12:42  Zealot x13  
  184  12:56  Stalker x2  
  184  13:00  Immortal  
  184  13:03  Zealot x9  
  184  13:04  Zealot x2  
  200  13:15  Photon Cannon  
  200  13:18  Photon Cannon x2  
  200  13:20  Shield Battery  
  200  13:21  Nexus, Shield Battery  
  200  13:23  Assimilator  
  198  13:27  Pylon, Protoss Shields Level 2 (Chrono Boost)  
  189  13:37  Zealot x5  
  175  13:52  Zealot x11  
  165  14:00  Stalker x5  
  151  14:13  Pylon  
  151  14:16  Unknown  
  151  14:18  Dark Templar x3  
  151  14:19  Dark Templar x3  
  151  14:21  Dark Templar x2  
  151  14:22  Assimilator  
  151  14:23  Assimilator  
  167  14:24  Zealot x7  
  167  14:25  Zealot  
  167  14:28  Assimilator  
  167  14:29  Assimilator  
  183  14:32  Photon Cannon  
  183  14:33  Photon Cannon  
  183  14:35  Pylon  
  183  14:36  Photon Cannon  
  183  14:38  Photon Cannon  
  183  14:40  Photon Cannon  
  183  14:42  Photon Cannon  
  183  14:44  Photon Cannon, Shield Battery  
  183  14:45  Shield Battery  
  183  14:49  Pylon  
  181  14:56  Zealot  
  181  14:57  Zealot x9  
  199  15:03  Observer  
  187  15:12  Zealot x6  
  185  15:20  Zealot x7  
  197  15:33  Zealot x4  
  197  15:34  Zealot x5, Observer  
  168  15:47  Protoss Shields Level 3 (Chrono Boost)  
  164  15:50  Stalker x7  
  174  16:00  Observer  
  174  16:06  Stalker x6  
  174  16:07  Stalker x3  
  191  16:19  Stalker x4  
  199  16:27  Nexus  
  199  16:31  Pylon  
  199  16:50  Observer  
  199  16:51  Observer  
  188  17:02  Pylon  
  188  17:07  Dark Templar x6  
  200  17:16  Observer  
  200  17:20  Photon Cannon x2  
  200  17:21  Photon Cannon  
  199  17:23  Photon Cannon  
  199  17:24  Shield Battery  
  173  17:45  Stalker x6  
  173  17:46  Stalker x8  
  173  17:51  Observer  
  186  17:58  Observer  
  178  18:11  Stalker x5  
Tags
 
Add a new tag
Caveats
  • Supply blocks, unpowered buildings, or Contaminate may cause inaccurate times.
  • Supply counts are checked every 10 seconds.